 Dungeon Crawl Stone Soup version 0.18.1-8-gdd0e5ea (webtiles) character file.

2915 shmeve the Blocker (level 9, -1/123 HPs)
             Began as a Minotaur Berserker on May 27, 2016.
             Was an Elder of Trog.
             Slain by a white ugly thing (10 damage)
             ... on level 7 of the Dungeon.
             The game lasted 00:12:30 (5933 turns).

shmeve the Blocker (Minotaur Berserker)             Turns: 5933, Time: 00:12:30

Health: -1/123     AC: 13    Str: 34    XL:     9   Next: 50%
Magic:  8/8        EV: 10    Int:  4    God:    Trog [****..]
Gold:   155        SH:  6    Dex: 11    Spells: 0 memorised, 8 levels left

rFire  . . .     SeeInvis .     z - +4 hand axe (vamp)
rCold  . . .     Gourm    .     E - +1 plate armour
rNeg   . . .     Faith    .     o - +0 buckler
rPois  .         Spirit   .     (helmet restricted)
rElec  .         Dismiss  .     (no cloak)
rCorr  +         Reflect  .     (no gloves)
SustAt .         Harm     .     (no boots)
MR     ++...                    (no amulet)
Stlth  ..........               a - +5 ring of strength
                                k - ring of resist corrosion

@: berserking, regenerating, very quick, very resistant to hostile enchantments,
extremely unstealthy
A: retaliatory headbutt, horns 2
a: Berserk, Trog's Hand, Brothers in Arms, Burn Spellbooks, Renounce Religion


You were on level 7 of the Dungeon.
You worshipped Trog.
Trog was greatly pleased with you.
You were not hungry.

You visited 2 branches of the dungeon, and saw 8 of its levels.
You also visited: Ossuary.

You collected 335 gold pieces.
You spent 180 gold pieces at shops.

Inventory:

Hand Weapons
 z - a +4 vampiric hand axe (weapon)
Armour
 o - a +0 buckler (worn)
 E - a +1 plate armour (worn)
Jewellery
 a - a +5 ring of strength (right hand)
 k - a ring of resist corrosion (left hand)
Wands
 y - a wand of acid (6/15)
 A - a wand of iceblast (15/15)
 C - a wand of paralysis (14/24)
 D - a wand of iceblast (5/15)
Scrolls
 e - 4 scrolls of teleportation
 h - 12 scrolls of remove curse
 j - 2 scrolls of blinking
 l - a scroll of fear {unknown}
 n - 13 scrolls of identify
 r - 2 scrolls of immolation
 t - a scroll of amnesia
 w - 2 scrolls of enchant armour
 B - 2 scrolls of magic mapping
Potions
 b - 2 potions of curing {unknown}
 d - 2 potions of flight {unknown}
 f - 3 potions of resistance
 g - 2 potions of brilliance {unknown}
 p - a potion of lignification {unknown}
 q - a potion of berserk rage {unknown}
 u - 7 potions of heal wounds
 v - a potion of agility {unknown}
 F - a potion of cure mutation {unknown}
Comestibles
 c - a bread ration
 i - 4 fruits
 m - 5 meat rations


   Skills:
 * Level 8.5 Fighting
 * Level 8.3 Axes
 + Level 5.8 Armour
 + Level 4.9 Dodging
 * Level 9.0 Shields


You had 8 spell levels left.
You didn't know any spells.

Dungeon Overview and Level Annotations

Branches:
Dungeon (7/15)             Temple (1/1) D:6

Altars:
Ashenzari
Cheibriados
Dithmenos
Elyvilon
Fedhas
Gozag
Kikubaaqudgha
Makhleb
Nemelex Xobeh
Pakellas
Ru
Sif Muna
Trog
Vehumet
Xom
Yredelemnul
Zin
The Shining One

Shops:
D:6 (   D:7 !

Annotations:
D:7 Pikel


Innate Abilities, Weirdness & Mutations

You reflexively headbutt those who attack you in melee.
You have a pair of horns on your head.


Message History

You hit the white ugly thing.
You feel better.
The white ugly thing is heavily wounded.
You hit the slave.
You feel better.
The slave is lightly wounded.
The slave hits you but does no damage. The white ugly thing engulfs you!
* * * LOW HITPOINT WARNING * * *
The white ugly thing freezes you!
* * * LOW HITPOINT WARNING * * *
Your skin crawls.
You feel resistant to hostile enchantments.
You feel slightly more hungry. The white ugly thing barely misses you.
You furiously retaliate!
You headbutt the white ugly thing, but do no damage.
The slave hits you but does no damage.
A red film seems to cover your vision as you go berserk!
You feel yourself moving faster!
You feel mighty!
You feel somewhat more hungry. The slave hits you.
* * * LOW HITPOINT WARNING * * *
The white ugly thing engulfs you!
You die...

....#...##...##.....##...#.......
....#....#.......>.......'....##.
....#....#...............##...##.
....#..<.#....>..........##...##.
...##'######.#########....#......
...##...####.####...##.∩..#......
...#....)......#....##...##......
...#...........#....##...##......
...#...........'@p..#...^#.......
...##..........##u..##...#######.
...##..........# ...##...##...##.
...#########...# ..K###+###...##÷
...## ##### ...#.>..##...#..
....# .............'.. ...##
.###. ##.....#.. #### .# p#
#.....#.. #.#.####.


You could see a white ugly thing, Pikel and 2 slaves.

Vanquished Creatures
  The ghost of asdqwezxcasdasd the Destroyer, a novice DECj of Vehumet (D:5)
  Prince Ribbit (D:7)
  Sigmund (D:4)
  The ghost of Janerl the Skirmisher, an amateur CeBe of Trog (D:3)
  Eustachio (D:5)
  An ice beast (D:6)
  A sky beast (D:5)
  3 ogres
  A phantom (D:7)
  A centaur (D:4)
  A big kobold (D:7)
  A wyvern zombie (Ossuary)
  A water moccasin zombie (Ossuary)
  3 wights (D:7)
  2 giant frog zombies (Ossuary)
  2 crimson imps
  2 centaur zombies (D:7)
  4 hounds
  2 bog bodies (Ossuary)
  An orc wizard (D:4)
  4 worker ants
  2 killer bee zombies (Ossuary)
  A hound zombie (Ossuary)
  A howler monkey zombie (Ossuary)
  11 mummies
  A worker ant zombie (Ossuary)
  7 gnolls
  12 adders
  4 shadow imps
  3 oozes
  An adder skeleton (D:4)
  2 adder zombies
  4 worms
  6 dart slugs
  3 giant geckos
  13 orcs
  A ball python (D:2)
  6 giant cockroaches
  6 goblins
  10 hobgoblins
  6 jackals
  6 kobolds
  3 quokkas
  3 bats
  2 giant cockroach zombies (Ossuary)
  3 giant gecko zombies (Ossuary)
  3 giant newts
  A jackal zombie (Ossuary)
  A quokka zombie (D:6)
  9 rats
166 creatures vanquished.

Vanquished Creatures (others)
  A deep elf knight (D:4)
  A centaur skeleton (D:6)
2 creatures vanquished.

Grand Total: 168 creatures vanquished

Notes
Turn   | Place    | Note
--------------------------------------------------------------
     0 | D:1      | shmeve the Minotaur Berserker began the quest for the Orb.
     0 | D:1      | Reached XP level 1. HP: 19/19 MP: 0/0
    53 | D:1      | Reached XP level 2. HP: 20/27 MP: 1/1
   504 | D:1      | Reached ** piety under Trog
   630 | D:1      | Reached XP level 3. HP: 33/33 MP: 2/2
   900 | D:2      | Found a shattered altar of Ashenzari.
  1344 | D:2      | Reached skill level 1 in Shields
  1345 | D:2      | Found a bloodstained altar of Trog.
  1366 | D:2      | Reached XP level 4. HP: 41/41 MP: 3/3
  1398 | D:2      | HP: 3/61 [giant gecko (3)]
  1404 | D:2      | HP: 2/61 [poisoned by an adder]
  1606 | D:2      | Found a radiant altar of Vehumet.
  1698 | D:2      | Reached skill level 2 in Shields
  1936 | D:3      | Noticed Janerl's ghost (amateur CeBe)
  1946 | D:3      | Killed Janerl's ghost
  1946 | D:3      | Reached skill level 5 in Shields
  1946 | D:3      | Reached XP level 5. HP: 30/47 MP: 4/4
  2138 | D:3      | Reached XP level 6. HP: 51/53 MP: 5/5
  2159 | D:3      | Reached *** piety under Trog
  2490 | D:3      | Found a blossoming altar of Fedhas.
  2640 | D:3      | Found a basalt altar of Yredelemnul.
  2642 | D:3      | Found a shimmering altar of Xom.
  2642 | D:3      | Found a sparkling altar of Nemelex Xobeh.
  2819 | D:3      | Found a sacrificial altar of Ru.
  3055 | D:4      | Noticed Sigmund
  3077 | D:4      | Killed Sigmund
  3077 | D:4      | Reached skill level 5 in Fighting
  3077 | D:4      | Reached skill level 5 in Axes
  3077 | D:4      | Reached skill level 6 in Shields
  3077 | D:4      | Reached XP level 7. HP: 43/61 MP: 6/6
  3554 | D:4      | Found a deep blue altar of Sif Muna.
  3634 | D:4      | Found an oddly glowing altar of Pakellas.
  3635 | D:4      | Noticed a deep elf knight
  3639 | D:4      | Killed a deep elf knight
  3799 | D:5      | Entered Level 5 of the Dungeon
  3809 | D:5      | Found an opulent altar of Gozag.
  3851 | D:5      | Noticed asdqwezxcasdasd's ghost (novice DECj)
  3891 | D:5      | Reached **** piety under Trog
  4210 | D:5      | Killed asdqwezxcasdasd's ghost
  4210 | D:5      | Reached skill level 7 in Shields
  4210 | D:5      | Reached XP level 8. HP: 71/71 MP: 7/7
  4253 | D:5      | Noticed Eustachio
  4267 | D:5      | Killed Eustachio
  4278 | D:5      | Reached skill level 5 in Armour
  4383 | D:5      | Found a glowing silver altar of Zin.
  4696 | D:6      | Reached skill level 8 in Shields
  4760 | D:6      | Found Otoaffacw's Weapon Boutique.
  4802 | D:6      | Found a sand-covered staircase.
  4828 | Ossuary  | Entered an ossuary
  4920 | Ossuary  | Reached XP level 9. HP: 66/79 MP: 8/8
  5342 | D:6      | Found a staircase to the Ecumenical Temple.
  5353 | Temple   | Entered the Ecumenical Temple
  5430 | D:7      | Noticed Prince Ribbit
  5435 | D:7      | Killed Prince Ribbit
  5564 | D:7      | Found Vomil's Distillery.
  5574 | D:7      | Bought 2 potions of heal wounds for 120 gold pieces
  5574 | D:7      | Bought a potion of heal wounds for 60 gold pieces
  5678 | D:7      | Reached skill level 9 in Shields
  5923 | D:7      | Noticed a white ugly thing
  5928 | D:7      | Noticed Pikel
  5933 | D:7      | Slain by a white ugly thing

Skill      XL: |  1  2  3  4  5  6  7  8  9 |
---------------+----------------------------+-----
Fighting       | 4 5 6 7 8 |  8.5
Axes           | 4 5 6 7 8 |  8.3
Armour         | 3 4 5 |  5.8
Shields        | 1 5 6 7 8 9 |  9.0
Dodging        | 3 4 |  4.9

Action                   |  1- 3 |  4- 6 |  7- 9 || total
-------------------------+-------+-------+-------++-------
Melee: Hand axe          |    58 |   108 |   263 ||   429
       Headbutt          |    13 |    15 |    63 ||    91
Invok: Berserk           |       |     3 |     4 ||     7
       Trog's Hand       |       |     1 |     1 ||     2
  Use: Scroll            |       |       |    14 ||    14
 Stab: Sleeping          |     1 |       |       ||     1
  Eat: Chunk             |     1 |     7 |     3 ||    11
       Bread ration      |       |     1 |     1 ||     2
       Meat ration       |       |       |     1 ||     1
       Fruit             |       |       |     3 ||     3
       Pizza             |       |       |     1 ||     1
Armor: Animal skin       |    13 |    10 |     7 ||    30
       Scale mail        |       |       |    16 ||    16
       Plate armour      |       |       |    54 ||    54
Dodge: Dodged            |    49 |    71 |   109 ||   229
Block: Buckler           |       |    17 |    60 ||    77
